 Dungeon Crawl Stone Soup version 0.32-a0-450-g080537f31e (webtiles) character file.

Game seed: 7361187129399623501

723 Dittersdorf the Covered (level 7, -18/44 HPs)
             Began as a Gargoyle Fighter on Feb 23, 2024.
             Demolished by a two-headed ogre
             ... wielding a +0 giant club
              (22 damage)
             ... on level 5 of the Dungeon.
             The game lasted 00:06:08 (4555 turns).

Dittersdorf the Covered (Gargoyle Fighter)          Turns: 4555, Time: 00:06:08

Health: -18/44     AC: 14    Str: 22    XL:     7   Next: 71%
Magic:  7/7        EV:  8    Int:  8    God:
Gold:   267        SH:  8    Dex:  9    Spells: 6/6 levels left

rFire   . . .        a - +0 flail
rCold   . . .        n - +0 kite shield
rNeg    + + .        b - +0 scale mail
rPois   ∞            (no helmet)
rElec   +            i - +0 cloak
rCorr   .            c - +0 pair of gloves
SInv    .            (no boots)
Will    .....        (no amulet) Stlth
                     e - ring of wizardry
HPRegen 0.27/turn    o - ring of positive energy
MPRegen 0.10/turn

%: wizardry (x1)
@: mighty
A: sickness immunity, AC +4, negative energy resistance 1, electricity
resistance, torment resistance 1, petrification resistance
a: no special abilities


You were on level 5 of the Dungeon.
You visited 1 branch of the dungeon, and saw 5 of its levels.
You also visited: Sewer.

You collected 267 gold pieces.

Inventory:

Hand Weapons
 a - a +0 flail (weapon)
Armour
 b - a +0 scale mail (worn)
 c - a +0 pair of gloves (worn)
 i - a +0 cloak (worn)
 n - a +0 kite shield (worn)
Jewellery
 e - a ring of wizardry (left hand)
 o - a ring of positive energy (right hand)
Scrolls
 f - 2 scrolls of teleportation
 k - a scroll of identify
 m - 2 scrolls of enchant weapon
 q - a scroll of fear {unknown}
Potions
 d - a potion of might
 g - a potion of heal wounds
 h - 3 potions of enlightenment
 j - a potion of mutation
 l - 2 potions of curing
 p - 2 potions of magic
 r - a potion of haste {unknown}


   Skills:
 + Level 5.5 Fighting
 + Level 4.4 Maces & Flails
 + Level 5.6 Armour
 + Level 5.5 Shields


You had 6 spell levels left.
You didn't know any spells.
Your spell library contained the following spells:

 Spells                   Type           Power      Damage    Failure   Level
 Magic Dart               Conj           0%         1d3       63%         1
 Blink                    Tloc           0%         N/A       77%         2
 Call Imp                 Summ           0%         N/A       77%         2
 Lesser Beckoning         Tloc           0%         N/A       77%         2
 Dazzling Flash           Conj/Hex       0%         N/A       92%         3
 Gell's Gravitas          Tloc           0%         N/A       92%         3
 Inner Flame              Hex/Fire       0%         N/A       92%         3
 Teleport Other           Tloc           0%         N/A       92%         3
 Volatile Blastmotes      Fire/Tloc      0%         2d10      92%         3
 Flame Wave               Conj/Fire      0%         2d4       100%        4
 Ignite Poison            Fire/Alch      0%         N/A       100%        4
 Sticky Flame             Fire/Alch      0%         2d4       100%        4
 Starburst                Conj/Fire      0%         6d3       100%        6
 Ignition                 Fire           0%         3d3       100%        8
 Maxwell's Capacitive Co  Air            0%         ∞         100%        8


Dungeon Overview and Level Annotations

Branches:
Dungeon (5/15)              Sewer (visited)
 Temple: D:4-7

Altars:
Dithmenos
Elyvilon
Kikubaaqudgha
Makhleb
Okawaru


Innate Abilities, Weirdness & Mutations

You are immune to sickness and miasma.
Your stone body is resilient. (AC +4)
You are immune to poison.
You resist negative energy. (rN+)
You are resistant to electric shocks. (rElec)
You are resistant to unholy torment.
You are immune to petrification.


Message History

The adder bites you.
You closely miss the adder.
The adder is moderately wounded.
The adder bites you but does no damage. You block the adder's attack.
You hit the adder.
The adder is heavily wounded.
The adder closely misses you. The adder bites you but does no damage.
You barely miss the adder.
The adder is heavily wounded.
The two-headed ogre barely misses you.
The two-headed ogre hits you with a +0 giant club!
You block the adder's attack. The adder barely misses you.
You thump the adder!
You kill the adder!
The two-headed ogre hits you with a +0 giant club!
You block the two-headed ogre's attack.
You see here an adder corpse.
You feel very mighty all of a sudden. The two-headed ogre barely misses you.
You block the two-headed ogre's attack.
You thump the two-headed ogre!
The two-headed ogre is lightly wounded.
The two-headed ogre hits you with a +0 giant club.
The two-headed ogre barely misses you.
You barely miss the two-headed ogre.
The two-headed ogre is lightly wounded.
The two-headed ogre hits you with a +0 giant club!
* * * LOW HITPOINT WARNING * * *
The two-headed ogre barely misses you.
You thump the two-headed ogre!
The two-headed ogre is heavily wounded.
You thump the two-headed ogre!
The two-headed ogre is severely wounded.
You block the two-headed ogre's attack.
The two-headed ogre hits you with a +0 giant club!
* * * LOW HITPOINT WARNING * * *
You barely miss the two-headed ogre.
The two-headed ogre is severely wounded.
The two-headed ogre hits you with a +0 giant club!!
Ouch! That really hurt!
You die...

#....# . #....# .. #....#
..$ ##....########
....#########.[...#.......
....................######
........####.)....###
..$.##..###..##### ####
........O@...## #...
.....#####..###########...
.........................#
... ######.####...........
.. #..# ###..######. .
...######...# #(. . .###
#......######.# # .
....####...(....# # ..
######.###


You could see a two-headed ogre.

Vanquished Creatures
  Grinder (D:3)
  An ice beast (D:5)
  A phantom (D:4)
  A brain worm (Sewer)
  A bombardier beetle (D:3)
  A hound (D:3)
  An orc priest (D:4)
  An orc wizard (D:4)
  6 adders
  2 river rats (Sewer)
  3 ribbon worms
  A dart slug (Sewer)
  3 orcs
  7 bats
  7 endoplasms
  8 giant cockroaches
  8 hobgoblins
  10 jackals
  6 quokkas
  8 ball pythons
  7 frilled lizards
  7 goblins
  9 kobolds
  9 rats
109 creatures vanquished.

Notes
Turn   | Place    | Note
-------+----------+-------------------------------------------
     0 | D:1      | Dittersdorf the Gargoyle Fighter began the quest for the
                  | Orb.
     0 | D:1      | Reached XP level 1. HP: 14/14 MP: 1/1
   161 | D:1      | Reached XP level 2. HP: 15/19 MP: 2/2
   400 | D:1      | Reached XP level 3. HP: 23/23 MP: 3/3
  1107 | D:2      | Identified the +0 ring mail of the Haunted God {*Corrode
                  | rElec rC+ Str+4}
  1182 | D:2      | Reached XP level 4. HP: 28/29 MP: 4/4
  1565 | D:3      | Found an iron altar of Okawaru.
  1776 | D:3      | Found a glowing drain.
  1813 | Sewer    | Entered a sewer
  1831 | Sewer    | Reached XP level 5. HP: 33/33 MP: 5/5
  2301 | Sewer    | Reached XP level 6. HP: 27/39 MP: 3/6
  2550 | D:3      | Found a white marble altar of Elyvilon.
  2755 | D:3      | Noticed Grinder
  2757 | D:3      | Paralysed by Grinder for 5 turns
  2766 | D:3      | Killed Grinder
  2767 | D:3      | Reached skill level 5 in Fighting
  2767 | D:3      | Reached skill level 5 in Armour
  2767 | D:3      | Reached skill level 5 in Shields
  2814 | D:3      | Reached XP level 7. HP: 23/44 MP: 7/7
  3435 | D:4      | Found a burning altar of Makhleb.
  3437 | D:4      | Noticed a blizzard demon
  3634 | D:4      | Found an ancient bone altar of Kikubaaqudgha.
  4102 | D:4      | Found a shadowy altar of Dithmenos.
  4295 | D:5      | Entered Level 5 of the Dungeon
  4295 | D:5      | Noticed a two-headed ogre
  4555 | D:5      | Demolished by a two-headed ogre

Illustrated notes

Levels and vault maps discovered:
D:1:      psy_arrival_conway, layout_basic, minivault_25, st_stairs_11,
          minmay_tripent
D:2:      layout_rooms
D:3:      cheibrodos_old_hovel, layout_basic, elyvilon_altar_3,
          mainiacjoe_overflow_tiny_flanked, gup_sewer_entry_bubbles,
          uniq_grinder
D:4:      layout_basic, mainiacjoe_overflow_brackets, kiku_gazebo_pond_becter,
          makhleb_altar_promises_db, nicolae_overflow_hidden_temple
D:5:      layout_rooms, nicolae_sif_muna_little_library,
          mainiacjoe_overflow_cross_hatched

Skill      XL: |  1  2  3  4  5  6  7 |
---------------+----------------------+-----
Fighting       | 4 5 |  5.5
Armour         | 4 5 |  5.6
Shields        | 4 5 |  5.5
Maces & Flails | 3 4 |  4.4

Action                     |  1- 3 |  4- 6 |  7- 9 || total
---------------------------+-------+-------+-------++-------
  Melee: Flail             |   168 |   229 |   108 ||   505
    Use: Scroll            |       |    12 |     1 ||    13
         Potion            |       |       |     1 ||     1
 Armour: Scale mail        |   129 |   162 |    83 ||   374
  Dodge: Dodged            |   100 |   106 |    49 ||   255
  Block: Buckler           |    37 |    57 |       ||    94
         Kite shield       |       |       |    44 ||    44

Table legend: (Time is in decaauts)
 A = Elapsed time spent in this place.
 B = Non-inter-level travel time spent in this place.
 C = Inter-level travel time spent in this place.
 D = Time resting spent in this place.
 E = Time spent auto-exploring this place.
 F = Levels seen in this place.
 G = Mean time per level.
                   A        B        C        D        E       F      G
               +--------+--------+--------+--------+--------+-----+--------+
         Total |   4935 |   4632 |    303 |    118 |   2918 |   6 |  822.5 |
       Dungeon |   4057 |   3754 |    303 |     96 |   2469 |   5 |  811.4 |
         Sewer |    877 |    877 |      0 |     22 |    448 |   1 |  877.0 |
               +--------+--------+--------+--------+--------+-----+--------+

Top non-repeatable levels by time:
     D:3: 1276 daAuts
     D:4: 1042 daAuts
     D:1: 1032 daAuts
   Sewer: 877 daAuts
     D:2: 564 daAuts
     D:5: 142 daAuts
